 Dungeon Crawl Stone Soup version 0.22.1-2-g9c5b331 (webtiles) character file.

5413 toffzen the Spear-Bearer (level 10, 0/71 HPs)
             Began as an Octopode Fighter on Dec 22, 2018.
             Was a Believer of Makhleb.
             Succumbed to a spiny frog's poison
             ... on level 1 of the Lair of Beasts on Dec 23, 2018.
             The game lasted 00:46:38 (14867 turns).

toffzen the Spear-Bearer (Octopode Fighter)        Turns: 14867, Time: 00:46:39

Health: 0/71       AC:  1    Str: 20    XL:     10   Next: 67%
Magic:  12/12      EV: 16    Int: 13    God:    Makhleb [**....]
Gold:   591        SH: 13    Dex: 13    Spells: 9/9 levels left

rFire    + . .     SeeInvis .   a - +5 trident
rCold    x . .     Gourm    .   f - +2 shield
rNeg     + . .     Faith    .   (helmet restricted)
rPois    .         Spirit   .   M - amulet of rage
rElec    .         Reflect  .   j - ring of fire
rCorr    .         Harm     .   s - ring of stealth
MR       +....                  A - ring of protection from magic
Stlth    +++.......             D - ring of positive energy
HPRegen  0.21/turn              (no ring)
MPRegen  0.13/turn              (no ring)
                                (no ring)
                                (no ring)

@: mighty, lethally poisoned (0 -> -32)
A: almost no armour, stealthy swim, amphibious, 8 rings, constrict 8, camouflage
1, gelatinous body 1
a: Minor Destruction, Renounce Religion, Evoke Berserk Rage


You were on level 1 of the Lair of Beasts.
You worshipped Makhleb.
Makhleb was pleased with you.
You were not hungry.

You visited 2 branches of the dungeon, and saw 11 of its levels.

You collected 591 gold pieces.

Inventory:

Hand Weapons
 a - a +5 trident (weapon)
 b - the +7 rapier of the Wheel {speed, rElec rC+ Str+2}
   (You found it on level 6 of the Dungeon)

   Attacks with this weapon are significantly faster.
   It affects your strength (+2).
   It protects you from cold.
   It insulates you from electricity.
Missiles
 h - 101 sling bullets
 k - 334 stones (quivered)
 v - 46 poisoned needles
 z - a throwing net
Armour
 f - a +2 shield (worn)
Jewellery
 e - an uncursed amulet of faith {unknown}
 j - a ring of fire (left tentacle)
 s - a ring of stealth (right tentacle)
 u - an uncursed amulet of the gourmand
 A - a ring of protection from magic (on tentacle)
 D - a ring of positive energy (on tentacle)
 M - an amulet of rage (around mantle)
Wands
 F - a wand of disintegration (3)
 N - a wand of random effects (29)
 R - a wand of acid (7)
Scrolls
 c - a scroll of blinking {unknown}
 l - 2 scrolls of magic mapping
 m - 5 scrolls of remove curse
 n - a scroll of fog
 o - 2 scrolls of fear
 r - a scroll of immolation {unknown}
 t - 2 scrolls of amnesia
 y - a scroll of random uselessness {unknown}
 B - a scroll of enchant weapon
 C - a scroll of holy word {unknown}
 K - 3 scrolls of teleportation
 L - a scroll of noise
 O - a scroll of acquirement {unknown}
Potions
 g - a potion of agility
 i - 6 potions of flight
 p - a potion of cancellation
 q - a potion of invisibility
 w - a potion of resistance
 x - a potion of mutation
 E - 2 potions of haste
 G - a potion of magic {unknown}
 I - a potion of brilliance {unknown}
 Q - a potion of degeneration {unknown}
Miscellaneous
 J - a phantom mirror
Comestibles
 d - 12 rations


   Skills:
 + Level 7.5 Fighting
 + Level 9.6 Polearms
 + Level 7.5 Dodging
 + Level 7.5 Shields
 + Level 3.5 Invocations


You had 9 spell levels left.
You didn't know any spells.
Your spell library contained the following spells:

 Spells                   Type           Power        Failure   Level  Hunger
 Confusing Touch          Hex            #.....       63%         1    ##.....
 Shock                    Conj/Air       #...         63%         1    ##.....
 Swiftness                Chrm/Air       #.......     77%         2    ###....
 Confuse                  Hex            #.......     94%         3    ####...
 Gell's Gravitas          Tloc           #.........   94%         3    ####...
 Static Discharge         Conj/Air       #.......     94%         3    ####...
 Airstrike                Air            #.........   100%        4    #####..
 Petrify                  Tmut/Erth      #.......     100%        4    #####..
 Lightning Bolt           Conj/Air       #.........   100%        5    ######.
 Metabolic Englaciation   Hex/Ice        #.........   100%        5    ######.
 Yara's Violent Unravell  Hex/Tmut       #.........   100%        5    ######.


Dungeon Overview and Level Annotations

Branches:
Dungeon (10/15)            Temple (0/1) D:6            Lair (1/6) D:10
    Orc: D:9-12

Altars:
Cheibriados
Dithmenos
Fedhas
Gozag
Hepliaklqana
Makhleb
Nemelex Xobeh
Ru
Sif Muna
Trog
Wu Jian
Xom

Annotations:
D:2 exclusion: oklob plant
D:4 Pikel
D:7 3 runed doors, RoboWizard's ghost, novice DrWz
D:8 Maurice
Lair:1 exclusion: oklob plant


Innate Abilities, Weirdness & Mutations

You cannot wear most types of armour.
You are very stealthy in the water. (Stealth+)
You are amphibious.
You can wear up to eight rings at the same time.
You can use your tentacles to constrict eight enemies at once.
Your skin changes colour to match your surroundings (Stealth+).
Your rubbery body absorbs attacks. (AC +1, EV +1)


Message History

You squeeze the spiny frog.
The spiny frog is moderately wounded.
You constrict the spiny frog. The spiny frog stings you!
You are poisoned.
The spiny frog poisons you!
You hit the spiny frog but do no damage.
The spiny frog is moderately wounded.
You constrict the spiny frog.
You feel sick. You block the spiny frog's attack.
You feel very mighty all of a sudden.
You constrict the spiny frog.
You feel sick. The spiny frog stings you!
You barely miss the spiny frog. You squeeze the spiny frog!
The spiny frog is severely wounded.
You constrict the spiny frog.
You feel sick. The spiny frog stings you!!
* * * LOW HITPOINT WARNING * * *
You are more poisoned.
The spiny frog poisons you!
You completely miss the spiny frog. You squeeze the spiny frog.
The spiny frog is severely wounded.
You constrict the spiny frog.
You die...

....#.....# #.# ##...
....#.....###.###P#....#
....#..................#
##..#..................P
........................
.......................)
........................
.................F......
................@.......
#.##.##..#P.#.#.####....
.# ####..#.........#....
.#.#...............#...
...####..#...............
... #...#...<.....#....#
.##...#..#.........# ...#
.....##............#....P.
..#......#.........#......


You could see a spiny frog.

Vanquished Creatures
  2 spiny frogs (Lair:1)
  2 komodo dragons (Lair:1)
  A hornet (D:7)
  A wraith (D:10)
  A human (D:8)
  A water moccasin (Lair:1)
  A sky beast (D:5)
  A porcupine (Lair:1)
  2 slaves
  2 ice beasts
  A black bear (D:6)
  5 ogres
  5 centaurs
  A crocodile (Lair:1)
  A big kobold (D:8)
  2 bullfrogs (Lair:1)
  A water moccasin zombie (D:5)
  A gnoll sergeant (D:6)
  A wyvern skeleton (D:10)
  A scorpion (D:9)
  4 killer bees
  4 wights (D:6)
  2 howler monkeys
  A centaur zombie (D:8)
  10 crimson imps
  A quasit (D:8)
  2 bullfrog zombies
  4 hounds
  3 jellies
  4 iguanas
  2 orc wizards
  8 worker ants
  A killer bee zombie (D:8)
  4 hound zombies
  A howler monkey zombie (D:10)
  A worker ant zombie (D:10)
  8 gnolls
  17 adders
  4 shadow imps
  An ooze (D:3)
  An adder skeleton (D:5)
  A worm (D:3)
  5 dart slugs
  6 leopard geckos
  19 orcs
  A ball python (D:6)
  3 giant cockroaches
  7 goblins
  4 hobgoblins
  17 jackals
  12 kobolds
  4 quokkas
  5 bats
  7 frilled lizards
  A leopard gecko skeleton (D:4)
  9 rats
217 creatures vanquished.

Notes
Turn   | Place    | Note
-------+----------+-------------------------------------------
     0 | D:1      | toffzen the Octopode Fighter began the quest for the Orb.
     0 | D:1      | Reached XP level 1. HP: 16/16 MP: 1/1
   172 | D:1      | Reached XP level 2. HP: 21/21 MP: 2/2
   809 | D:2      | Reached XP level 3. HP: 24/26 MP: 3/3
  1081 | D:2      | Found a shimmering altar of Xom.
  1176 | D:2      | Found a sparkling altar of Nemelex Xobeh.
  1225 | D:2      | Found a blossoming altar of Fedhas.
  1250 | D:2      | Noticed an oklob plant
  1329 | D:2      | Reached skill level 3 in Polearms
  1404 | D:2      | Reached XP level 4. HP: 28/31 MP: 4/4
  1516 | D:2      | Found a bloodstained altar of Trog.
  2106 | D:2      | Found a sacrificial altar of Ru.
  2487 | D:3      | Reached XP level 5. HP: 36/36 MP: 5/5
  2529 | D:3      | Found a faded altar of an unknown god.
  3244 | D:4      | Found a snail-covered altar of Cheibriados.
  3730 | D:4      | Reached skill level 4 in Polearms
  3765 | D:4      | Reached XP level 6. HP: 36/43 MP: 6/6
  4403 | D:4      | Noticed a slave
  4403 | D:4      | Noticed a slave
  4403 | D:4      | Noticed a slave
  4404 | D:4      | Noticed Pikel
  4452 | D:3      | Killed a slave
  4632 | D:5      | Entered Level 5 of the Dungeon
  4655 | D:4      | Noticed a slave
  4655 | D:4      | Noticed an ice beast
  4660 | D:5      | Killed a slave
  4876 | D:5      | Reached XP level 7. HP: 48/48 MP: 7/7
  4962 | D:5      | Reached skill level 5 in Polearms
  5902 | D:5      | Reached XP level 8. HP: 23/54 MP: 8/8
  6662 | D:6      | Reached skill level 5 in Fighting
  6662 | D:6      | Reached skill level 6 in Polearms
  6662 | D:6      | Reached skill level 5 in Dodging
  6662 | D:6      | Reached skill level 5 in Shields
  6983 | D:6      | Found a staircase to the Ecumenical Temple.
  7102 | D:6      | Found a burning altar of Makhleb.
  7121 | D:6      | Became a worshipper of Makhleb the Destroyer
  7237 | D:6      | Got a bloodstained rapier
  7263 | D:6      | Identified the +7 rapier of the Wheel {speed, rElec rC+
                  | Str+2} (You found it on level 6 of the Dungeon)
  7798 | D:6      | Reached skill level 7 in Polearms
  8565 | D:7      | Reached XP level 9. HP: 62/62 MP: 9/9
  8686 | D:7      | Noticed a hornet
  8695 | D:7      | Killed a hornet
  9274 | D:7      | Reached * piety under Makhleb
  9292 | D:7      | Reached skill level 8 in Polearms
  9338 | D:7      | Found a runed gate.
  9338 | D:7      | Found a runed gate.
  9338 | D:7      | Found a runed gate.
  9345 | D:7      | Found an opulent altar of Gozag.
  9345 | D:7      | Noticed RoboWizard's ghost (novice DrWz)
  9803 | D:8      | Noticed Maurice
 10661 | D:8      | You fall through a shaft!
 10661 | D:9      | Found a hazy altar of Hepliaklqana.
 11126 | D:9      | Found a deep blue altar of Sif Muna.
 11176 | D:9      | Found an ornate altar of the Wu Jian Council.
 12056 | D:8      | Reached skill level 1 in Invocations
 12113 | D:8      | Reached XP level 10. HP: 55/69 MP: 10/10
 12258 | D:9      | Reached ** piety under Makhleb
 12279 | D:9      | Reached skill level 9 in Polearms
 12384 | D:9      | Found a shadowy altar of Dithmenos.
 12645 | D:10     | Entered Level 10 of the Dungeon
 13343 | D:10     | Found a staircase to the Lair.
 13577 | Lair:1   | Entered Level 1 of the Lair of Beasts
 14133 | Lair:1   | Noticed a spiny frog
 14139 | Lair:1   | Killed a spiny frog
 14535 | Lair:1   | Noticed an oklob plant
 14620 | Lair:1   | Noticed a spiny frog
 14627 | Lair:1   | Killed a spiny frog
 14840 | Lair:1   | Noticed an elephant
 14841 | Lair:1   | Noticed an elephant
 14841 | Lair:1   | Noticed an elephant
 14856 | Lair:1   | Noticed a spiny frog
 14866 | Lair:1   | HP: 2/71 [spiny frog (19)]
 14867 | Lair:1   | Succumbed to a spiny frog's poison

Skill      XL: |  1  2  3  4  5  6  7  8  9 10 |
---------------+-------------------------------+-----
Polearms       | 3 4 5 7 8 9 |  9.6
Fighting       | 4 5 6 7 |  7.5
Dodging        | 4 5 6 7 |  7.5
Shields        | 4 5 6 7 |  7.5
Invocations    | 1 3 |  3.5

Action                   |  1- 3 |  4- 6 |  7- 9 | 10-12 || total
-------------------------+-------+-------+-------+-------++-------
Melee: Trident           |    69 |   141 |   353 |   107 ||   670
       Tentacles         |    10 |    19 |    44 |    21 ||    94
       Constrict         |    15 |    25 |    46 |    13 ||    99
Throw: Stone             |     3 |    10 |    37 |       ||    50
Invok: Minor Destruction |       |       |       |    19 ||    19
Evoke: Wand              |       |       |    23 |       ||    23
  Use: Scroll            |     3 |     8 |     4 |     5 ||    20
       Potion            |       |     3 |     3 |     1 ||     7
 Stab: Sleeping          |     6 |    14 |    12 |     8 ||    40
       Distracted        |     2 |     1 |     2 |       ||     5
       Paralysed         |       |       |     7 |       ||     7
  Eat: Chunk             |     2 |    10 |    33 |     3 ||    48
Armor: Skin              |     4 |     6 |    12 |       ||    22
Dodge: Dodged            |    20 |    47 |   102 |    29 ||   198
Block: Shield            |    18 |    35 |   130 |    32 ||   215
